Match 37336222
Unlisted

Match 37336222
End
Construct Infanterie Kompanie
Selects Mechanized Battlegroup
MG 42 Machine Gun Team
Grenadier Squad
Grenadier Squad
Construct Luftwaffe Kompanie
Selects Mobile Repair Stations
Luftwaffe Officer Quarters
Jäger Squad
Medical Bunker
Forward Retreat Point
0v0
Enterprise
CPU - VERY EASY
rhexacglagye
Be Frabjous
Pepe87
6block
Mareep Gaming
0
0

Comments sign in to comment!

No comments posted yet!